 Dungeon Crawl Stone Soup version 0.24.0-37-gcf1ca852f1 (webtiles) character file.

Game seed: 8308650531530057134, levelgen mode: deterministic

612 Gruesph the Conjurer (level 7, -1/60 HPs)
             Began as a Yellow Draconian Conjurer on Nov 26, 2019.
             Was an Initiate of Vehumet.
             Killed from afar by Blork the orc (3 damage)
             ... with a magic dart
             ... on level 4 of the Dungeon.
             The game lasted 00:18:04 (4727 turns).

Gruesph the Conjurer (Yellow Draconian Conjurer)    Turns: 4727, Time: 00:18:04

Health: -1/60      AC:  8    Str: 10    XL:     7   Next: 20%
Magic:  1/13       EV: 12    Int: 18    God:    Vehumet [......]
Gold:   195        SH:  0    Dex: 11    Spells: 8/15 levels left

rFire    . . .     SeeInvis .   b - +1 hunting sling
rCold    . . .     Gourm    .   (no shield)
rNeg     . . .     Faith    .   (armour unavailable)
rPois    .         Spirit   .   (helmet restricted)
rElec    .         Reflect  .   (no cloak)
rCorr    +         Harm     .   (no gloves)
MR       .....                  t - +1 pair of boots
Stlth    ++........             (no amulet)
HPRegen  0.20/turn              (no ring)
MPRegen  0.13/turn              (no ring)

@: lethally poisoned (-1 -> -60)
A: spit acid, unfitting armour, cold-blooded, acid resistance, AC +6
a: Breathe Acid, Renounce Religion


You were on level 4 of the Dungeon.
You worshipped Vehumet.
Vehumet was noncommittal.
You were hungry.

You visited 2 branches of the dungeon, and saw 5 of its levels.

You collected 195 gold pieces.

Inventory:

Hand Weapons
 a - a +1 dagger of speed
 b - a +1 hunting sling (weapon)
Missiles
 e - 8 poisoned darts
 m - 96 stones (quivered)
 w - 13 sling bullets
Armour
 t - a +1 pair of boots (worn)
Jewellery
 x - an uncursed amulet of faith
Wands
 y - a wand of flame (13)
 B - a wand of random effects (14)
Scrolls
 g - a scroll of teleportation
 n - a scroll of magic mapping
 r - 2 scrolls of remove curse
Potions
 c - 2 potions of agility
 d - a potion of magic {unknown}
 h - a potion of degeneration {unknown}
 j - 2 potions of flight
 k - a potion of resistance
 q - 2 potions of curing {unknown}
 u - a potion of lignification {unknown}
 v - 3 potions of might
 z - 2 potions of brilliance
 A - a potion of heal wounds {unknown}
Comestibles
 f - 6 rations


   Skills:
 + Level 4.7 Fighting
 - Level 1.7 Dodging
 - Level 1.7 Stealth
 + Level 4.5 Spellcasting
 + Level 6.0 Conjurations


You had 8 spell levels left.
You knew the following spells:

 Your Spells              Type           Power        Failure   Level  Hunger
a - Magic Dart            Conj           ####         1%          1    None
b - Searing Ray           Conj           ####..       1%          2    #......
c - Iskenderun's Mystic   Conj           ####....     12%         4    ####...

Your spell library contained the following spells:

 Spells                   Type           Power        Failure   Level  Hunger
 Dazzling Spray           Conj/Hex       ##....       12%         3    ###....
 Force Lance              Conj/Tloc      ##......     38%         4    ####...
 Fulminant Prism          Conj/Hex       ##........   38%         4    ####...


Dungeon Overview and Level Annotations

Branches:
Dungeon (4/15)             Temple (1/1) D:4

Altars:
Ashenzari
Cheibriados
Dithmenos
Elyvilon
Fedhas
Gozag
Hepliaklqana
Kikubaaqudgha
Makhleb
Nemelex Xobeh
Okawaru
Qazlal
Ru
Sif Muna
Uskayaw
Vehumet
Wu Jian
Xom
Yredelemnul

Annotations:
D:3 2 transporters, jf82's ghost, amateur CeHu
D:4 Blork the orc


Innate Abilities, Weirdness & Mutations

You can spit globs of acid.
Your golden yellow scales are hard. (AC +6)
You cannot fit into any form of body armour.
You are cold-blooded and may be slowed by cold attacks.
You are resistant to acid. (rCorr)


Message History

You are more poisoned.
Casting: Iskenderun's Mystic Blast (safe; 12% risk of failure)
Confirm with . or Enter, or press ? or * to list all spells.
You can't see any susceptible monsters within range! (Use Z to cast anyway.)
Casting: Iskenderun's Mystic Blast (safe; 12% risk of failure)
Confirm with . or Enter, or press ? or * to list all spells.
Aiming: Searing Ray (safe; 1% risk of failure)
Press: ? - help, Shift-Dir - straight line The searing ray hits something. (Press . to maintain the ray.)
* * * LOW HITPOINT WARNING * * *
You feel very sick. Something completely misses you.
The searing ray hits something.
* * * LOW HITPOINT WARNING * * *
You feel very sick.
You hear some strange, mumbled words.
A magic dart appears from out of thin air!
The magic dart hits you.
You die...

.##..#**+*##.##..##..#*,,,##.....
.+...+,,,,#<.....###+#*,,,#......
.#...#,,,,+.......#,,*,,,,#......
.##..#*,,,####...##,,*,,,,#.....<
.#*###**########'#*,,+,,,,##.....
..*,,*,,.........#*,.#*,,,*#.....
..*,,*,,.........##..##.,,*#.....
,,*,,+,,................,,+.>....
,,*,,*,,........@{......,,#......
********...###../###.##.**##..##.
* *##***##+##**,#*,***#..*#.
*,,...,,,,,,,,,,,,,,,,
*,.....,,,,,,,,,,,,,,,
*.......,,,,,,,,,,,,,,
**##..##.##*,,,,*,**,**,
*,,###**{#**************
*,,,,,*,..>*


There were no monsters in sight!

Vanquished Creatures
  Sigmund (D:2)
  Menkaure (D:4)
  An ogre (D:4)
  A centaur skeleton (D:4)
  Ijyb (D:4)
  Terence (D:3)
  2 worker ants (D:4)
  A howler monkey zombie (D:3)
  5 adders
  3 dart slugs
  3 leopard geckos (D:3)
  An orc (D:3)
  5 giant cockroaches
  15 goblins
  8 hobgoblins
  2 quokkas
  6 bats
  5 frilled lizards
  7 kobolds
  A leopard gecko skeleton (D:4)
  A quokka skeleton (D:4)
  9 rats
80 creatures vanquished.

Vanquished Creatures (others)
  3 plants (D:3)
3 creatures vanquished.

Grand Total: 83 creatures vanquished

Notes
Turn   | Place    | Note
-------+----------+-------------------------------------------
     0 | D:1      | Gruesph the Draconian Conjurer began the quest for the Orb.
     0 | D:1      | Reached XP level 1. HP: 14/14 MP: 3/3
   275 | D:1      | Reached XP level 2. HP: 22/22 MP: 3/5
   281 | D:1      | Reached skill level 1 in Fighting
   768 | D:1      | Learned a level 2 spell: Searing Ray
  1469 | D:2      | Reached XP level 3. HP: 28/28 MP: 2/6
  1934 | D:2      | Noticed Sigmund
  1947 | D:2      | Killed Sigmund
  1947 | D:2      | Reached skill level 5 in Conjurations
  1947 | D:2      | Reached XP level 4. HP: 12/38 MP: 0/9
  1947 | D:2      | Reached XP level 5. HP: 14/45 MP: 0/10
  3015 | D:3      | Found an opulent altar of Gozag.
  3057 | D:3      | Noticed Terence
  3081 | D:3      | Killed Terence
  3228 | D:3      | Reached XP level 6. HP: 34/51 MP: 4/11
  3323 | D:3      | Found a transporter.
  3326 | D:3      | Found a transporter.
  3479 | D:3      | Noticed jf82's ghost (amateur CeHu)
  4108 | D:4      | Found a staircase to the Ecumenical Temple.
  4123 | Temple   | Entered the Ecumenical Temple
  4397 | Temple   | Became a worshipper of Vehumet
  4410 | Temple   | Learned a level 4 spell: Iskenderun's Mystic Blast
  4560 | D:4      | Noticed Menkaure
  4565 | D:4      | Killed Menkaure
  4565 | D:4      | Your scales start taking on a golden yellow colour.
  4565 | D:4      | Reached XP level 7. HP: 53/60 MP: 1/13
  4565 | D:4      | Gained mutation: You are resistant to acid. (rCorr) [Yellow
                  | Draconian growth]
  4674 | D:4      | Noticed Ijyb
  4681 | D:4      | Killed Ijyb
  4681 | D:4      | Reached skill level 6 in Conjurations
  4709 | D:4      | Noticed Blork the orc
  4727 | D:4      | HP: 2/60 [poisoned by Blork the orc]
  4727 | D:4      | Killed from afar by Blork the orc

Levels and vault maps discovered:
D:1:      dpeg_arrival_tiny_d, layout_basic
D:2:      minmay_wonky_spiral, layout_basic, serial_curves, eino_curves_03,
          eino_curves_01, eino_curves_04, uniq_sigmund
D:3:      layout_loops_ring, nicolae_overflow_hidden_temple,
          gammafunk_ghost_gnarly_gnolls, serial_glass, glass_columns_a,
          glass_columns_a, glass_columns_b, glass_columns_c, glass_columns_b,
          glass_columns_c, uniq_terence
D:4:      layout_gridville, temple_hall, minmay_quadrilaterals, uniq_ijyb,
          uniq_menkaure, uniq_blork_the_orc
Temple:   eino_narrow_crystal_temple

Skill      XL: |  1  2  3  4  5  6  7 |
---------------+----------------------+-----
Fighting       | 1 3 4 |  4.7
Spellcasting   | 3 4 |  4.5
Conjurations   | 5 6 |  6.0
Dodging        | |  1.7
Stealth        | |  1.7

Action                   |  1- 3 |  4- 6 |  7- 9 || total
-------------------------+-------+-------+-------++-------
Melee: Dagger            |    21 |     2 |       ||    23
       Hunting sling     |       |       |     4 ||     4
 Fire: Hunting sling     |    21 |     8 |       ||    29
Throw: Dart              |    10 |    16 |       ||    26
       Stone             |       |     1 |       ||     1
 Cast: Magic Dart        |    52 |    93 |     3 ||   148
       Searing Ray       |     2 |     3 |     3 ||     8
       Iskenderun's Myst |       |     2 |     1 ||     3
  Use: Scroll            |       |    11 |       ||    11
  Eat: Chunk             |     3 |     6 |       ||     9
       Ration            |       |     1 |       ||     1
Armor: Skin              |    10 |    14 |     5 ||    29
Dodge: Dodged            |    24 |    21 |     2 ||    47
